 Dungeon Crawl Stone Soup version 0.25-a0-1024-gbfbf38f2cb (webtiles) character file.

Game seed: 8659930296817404996, levelgen mode: deterministic

768 kae the Frost Mage (level 8, -6/52 HPs)
             Began as a Human Ice Elementalist on May 12, 2020.
             Shot with an arrow by a centaur (8 damage)
             ... on level 5 of the Dungeon.
             The game lasted 00:06:45 (6014 turns).

kae the Frost Mage (Human Ice Elementalist)         Turns: 6014, Time: 00:06:46

Health: -6/52      AC:  4    Str:  8 (10) XL:     8   Next: 9%
Magic:  10/15      EV: 11    Int: 14 (15) God:
Gold:   194        SH:  0    Dex: 12 (15) Spells: 9/16 levels left

rFire    . . .     SeeInvis .   j - +0 spear
rCold    . . .     Gourm    .   (no shield)
rNeg     . . .     Faith    .   b - +0 leather armour
rPois    .         Spirit   .   (no helmet)
rElec    .         Reflect  .   g - +0 cloak
rCorr    .         Harm     .   (no gloves)
MR       .....                  (no boots)
Stlth    ++........             (no amulet)
HPRegen  0.17/turn              (no ring)
MPRegen  0.14/turn              (no ring)

@: frozen ramparts
A: no striking features
a: no special abilities


You were on level 5 of the Dungeon.
You were hungry.

You visited 1 branch of the dungeon, and saw 5 of its levels.

You collected 194 gold pieces.

Inventory:

Hand Weapons
 e - a +0 club
 j - a +0 spear (weapon)
Armour
 a - a +0 robe
 b - a +0 leather armour (worn)
 g - a +0 cloak (worn)
Jewellery
 m - an uncursed amulet of harm {unknown}
Wands
 h - a wand of flame (13)
 i - a wand of disintegration (8)
Scrolls
 k - a scroll of identify {unknown}
 l - 4 scrolls of magic mapping
Potions
 d - a potion of degeneration
 f - a potion of curing
 n - a potion of magic
Comestibles
 c - 6 rations


   Skills:
 + Level 0.3 Polearms
 - Level 2.0 Dodging
 - Level 2.0 Stealth
 + Level 4.7 Spellcasting
 * Level 8.0 Ice Magic


You had 9 spell levels left.
You knew the following spells:

 Your Spells              Type           Power        Failure   Level  Hunger
a - Freeze                Ice            ####         1%          1    None
b - Frozen Ramparts       Ice            ####..       3%          3    ###....
c - Ozocubu's Armour      Chrm/Ice       ##......     16%         3    ###....

Your spell library contained the following spells:

 Spells                   Type           Power        Failure   Level  Hunger
 Hailstorm                Conj/Ice       ##......     45%         4    ####...
 Summon Ice Beast         Ice/Summ       ##......     45%         4    ####...


Dungeon Overview and Level Annotations

Branches:
Dungeon (5/15)
 Temple: D:4-7

Altars:
Qazlal


Message History

Confirm with . or Enter, or press ? or * to list all spells.
The walls around you are covered in ice.
The wall freezes the centaur.
The centaur hits you!
* * * LOW HITPOINT WARNING * * *
The wall freezes the centaur.
The centaur barely misses you.
A hound comes into view.
The wall freezes the centaur.
The centaur hits you.
* * * LOW HITPOINT WARNING * * *
Casting: Frozen Ramparts (dangerous; 3% risk of failure)
Confirm with . or Enter, or press ? or * to list all spells.
Aiming: Freeze (safe; 1% risk of failure)
Press: ? - help, Shift-Dir - straight line, f - centaur
Aim: a centaur, quivering 11 arrows (heavily wounded)
You freeze the centaur.
The centaur is heavily wounded.
The hound barks!
The wall freezes the centaur.
The centaur misses you.
The wall freezes the centaur.
The centaur wields a +0 shortbow.
The centaur shoots an arrow.
The arrow hits you!
You die...

# ###########
####..........
##....#########
######..#### #
##.(@(..## #
#†c###### #...
#..## ..## #..#
.h.# #... ...#
.##


You could see a centaur and a hound.

Vanquished Creatures
  Duvessa (D:4)
  An ogre (D:4)
  Dowan (D:4)
  A howler monkey (D:5)
  A crimson imp (D:5)
  3 orc priests
  2 worker ants
  5 orc wizards
  A hound skeleton (D:4)
  4 gnolls (D:3)
  2 adders
  An ooze (D:1)
  3 worms
  A dart slug (D:3)
  2 leopard geckos
  10 orcs
  7 bats
  5 giant cockroaches
  7 goblins
  7 hobgoblins
  3 quokkas
  3 ball pythons
  2 frilled lizards
  26 kobolds
  5 rats
  A plant (D:4)
105 creatures vanquished.

Vanquished Creatures (others)
  An orc priest (D:3)
  A dart slug (D:2)
2 creatures vanquished.

Grand Total: 107 creatures vanquished

Notes
Turn   | Place    | Note
-------+----------+-------------------------------------------
     0 | D:1      | kae the Human Ice Elementalist began the quest for the Orb.
     0 | D:1      | Reached XP level 1. HP: 13/13 MP: 3/3
   392 | D:1      | Reached XP level 2. HP: 19/19 MP: 0/5
   767 | D:1      | Reached XP level 3. HP: 24/24 MP: 3/6
  1147 | D:1      | Learned a level 3 spell: Frozen Ramparts
  1965 | D:2      | Found a stormy altar of Qazlal.
  1990 | D:2      | Reached XP level 4. HP: 30/30 MP: 5/7
  2276 | D:3      | Reached skill level 5 in Ice Magic
  2388 | D:3      | Learned a level 3 spell: Ozocubu's Armour
  2728 | D:3      | Reached XP level 5. HP: 32/35 MP: 5/9
  3069 | D:3      | Reached skill level 6 in Ice Magic
  3069 | D:3      | Reached XP level 6. HP: 7/41 MP: 1/11
  4414 | D:4      | Noticed a phantom
  4760 | D:4      | Reached XP level 7. HP: 43/46 MP: 7/13
  4850 | D:4      | Reached skill level 7 in Ice Magic
  5210 | D:4      | Noticed Duvessa
  5217 | D:4      | Noticed Dowan
  5235 | D:4      | Killed Duvessa
  5239 | D:4      | Killed Dowan
  5950 | D:5      | Entered Level 5 of the Dungeon
  5952 | D:5      | Reached XP level 8. HP: 52/52 MP: 12/15
  6003 | D:5      | Reached skill level 8 in Ice Magic
  6012 | D:5      | HP: 2/52 [centaur (4)]
  6014 | D:5      | Shot with an arrow by a centaur

Illustrated notes

Levels and vault maps discovered:
D:1:      minmay_arrival_widening_spiral_wide, layout_loops_cross
D:2:      layout_loops_corners, grunt_qazlal_clouds, minmay_misc_feat_five
D:3:      layout_basic
D:4:      kennysheep_kobold_camp, layout_loops_ring, first_ration,
          minmay_stone_trees_small, uniq_duvessa
D:5:      layout_rooms, corexii_shack

Skill      XL: |  1  2  3  4  5  6  7  8 |
---------------+-------------------------+-----
Ice Magic      | 5 6 7 8 |  8.0
Spellcasting   | 3 4 |  4.7
Polearms       | |  0.3
Dodging        | |  2.0
Stealth        | |  2.0

Action                   |  1- 3 |  4- 6 |  7- 9 || total
-------------------------+-------+-------+-------++-------
Melee: Unarmed           |     9 |       |       ||     9
       Club              |     3 |       |       ||     3
       Spear             |     1 |    59 |   161 ||   221
 Cast: Freeze            |    48 |    68 |    27 ||   143
       Frozen Ramparts   |       |     4 |     3 ||     7
  Use: Scroll            |     2 |     3 |       ||     5
       Potion            |       |     4 |     1 ||     5
 Stab: Sleeping          |     1 |     4 |     1 ||     6
  Eat: Chunk             |     4 |     9 |     4 ||    17
Armor: Robe              |     5 |       |       ||     5
       Leather armour    |     9 |    10 |     9 ||    28
Dodge: Dodged            |    32 |    45 |    30 ||   107

Table legend:
 A = Non-vault XP
 B = Vault XP
 C = Vault XP percentage of total XP
 D = Non-vault monster count
 E = Vault monster count
 F = Vault count percentage of total count
                 A         B        C        D         E       F
            +---------+---------+-------+---------+---------+-------
      Total |     850 |     248 |  22.6 |      84 |      21 |  20.0
            +---------+---------+-------+---------+---------+-------
        D:1 |      36 |       0 |   0.0 |      17 |       0 |   0.0
        D:2 |      35 |       0 |   0.0 |      15 |       0 |   0.0
        D:3 |     278 |       0 |   0.0 |      32 |       0 |   0.0
        D:4 |     401 |     248 |  38.2 |      18 |      21 |  53.8
        D:5 |     100 |       0 |   0.0 |       2 |       0 |   0.0
            +---------+---------+-------+---------+---------+-------
